Map: Deathaura LE

Players

Neeb

  • Race: Protoss Protoss
  • Spawn Location: 5:00

Astrea - Winner!

  • Race: Protoss Protoss
  • League: Master
  • Spawn Location: 11:00

Event: DreamHack SC2 Masters 2020 Winter

VOD

Have the link to the VOD?

Description

Time

  • Played on: Nov. 7, 2020, 5:05 p.m.
  • Length: 3:35

All games in this series

Show
View Real Time Build Order
Export as new Build Order

Neeb Protoss 

Build Orders:  

Get SALT Encoding   

  12  0:00  Probe  
  13  0:12  Probe  
  14  0:16  Pylon  
  14  0:24  Probe (Chrono Boost)  
  16  0:36  Gateway, Probe (Chrono Boost)  
  16  0:43  Probe (Chrono Boost)  
  16  0:45  Assimilator  
  17  0:51  Probe  
  17  0:54  Assimilator  
  18  1:03  Probe (Chrono Boost)  
  19  1:07  Gateway  
  19  1:13  Probe (Chrono Boost)  
  19  1:17  Probe (Chrono Boost)  
  20  1:24  Cybernetics Core  
  21  1:29  Probe  
  22  1:39  Pylon  
  22  1:41  Probe  
  23  2:02  Stargate  
  23  2:07  Stalker (Chrono Boost)  
  27  2:10  Shield Battery  
  27  2:12  Shield Battery  
  25  2:19  Stalker (Chrono Boost)  
  27  2:28  Pylon  
  27  2:33  Pylon  
  27  2:40  Void Ray (Chrono Boost)  
  27  2:41  Shield Battery  
  27  2:51  Shield Battery  
  31  2:54  Shield Battery  
  30  3:26  Pylon  
  32  3:29  Pylon  
Show
View Real Time Build Order
Export as new Build Order

Astrea Protoss - Winner!

Build Orders: Nexus First 

Get SALT Encoding   

  12  0:00  Probe  
  13  0:12  Probe  
  14  0:17  Pylon  
  14  0:24  Probe (Chrono Boost)  
  15  0:36  Probe (Chrono Boost)  
  16  0:44  Probe (Chrono Boost)  
  17  0:51  Probe  
  18  1:00  Nexus  
  18  1:10  Gateway  
  18  1:13  Probe  
  19  1:19  Assimilator  
  19  1:25  Probe  
  20  1:27  Assimilator  
  20  1:37  Probe  
  21  1:40  Gateway  
  22  1:58  Cybernetics Core, Zealot  
  23  2:06  Pylon  
  23  2:11  Probe  
  24  2:16  Probe  
  25  2:24  Probe  
  25  2:29  Probe  
  27  2:32  Stalker x2 (Chrono Boost)  
  31  2:41  Shield Battery  
  31  2:49  Probe x2  
  33  3:03  Stalker x2 (Chrono Boost)  
Tags
 
Add a new tag
Caveats
  • Supply blocks, unpowered buildings, or Contaminate may cause inaccurate times.
  • Supply counts are checked every 10 seconds.